AoeStats
← Unknown

Arena

510418741Analyzed
2v2 RM · 2d ago on Sep 30, 2026· 25m 7s· 4 players
Game mode
Random Map
Map size
Medium (4 player)
Population
200
Speed
Normal
Resources
Standard
Victory
Conquest
Starting age
Dark Age
Ending age
Imperial Age
RankedLock teamsTeams togetherTeam positionsShared explorationLock speedFull tech treeHidden civsTurbo modeCheats
Victory
Defeat
🇧🇷 Huns · Brazil
1215
+14
🇧🇷 Gurjaras · Brazil
1124
+17
🇵🇪 Huns · Peru
1168
-16
🇧🇪 Armenians · Belgium
1147
-15
LSD SaChOuSs
11:17 Feudal Age
12:19 Man-at-Arms
13:43 Horse Collar
18:44 Wheelbarrow
21:57 Castle Age
19:43 Loom
21:31 Padded Archer Armor
21:22 Fletching
Unknown
10:36 Feudal Age
14:51 Castle Age
12:56 Double-Bit Axe
13:11 Horse Collar
15:54 Bow Saw
17:36 Heavy Plow
20:39 Loom
21:51 Wheelbarrow
tjfreire
10:32 Feudal Age
14:37 Castle Age
12:40 Horse Collar
13:52 Double-Bit Axe
14:26 Fletching
16:04 Bodkin Arrow
20:47 Bow Saw
25:38 Ballistics
25:24 Heavy Plow
acefelipe
10:57 Feudal Age
15:00 Castle Age
16:08 Double-Bit Axe
17:52 Loom
19:24 Bow Saw
18:56 Horse Collar
22:59 Wheelbarrow
Connection lost

Rejoining the realm…

Still unreachable

The connection could not be restored.

Session expired

The server has moved on; the page needs a fresh start.